 Dungeon Crawl Stone Soup version 0.25.0-9-g26727b657a (webtiles) character file.

Game seed: 8232615396107704973

2299 Hypoxia the Cleaver (level 9, -10/112 HPs)
             Began as a Deep Dwarf Fighter on June 17, 2020.
             Killed from afar by an orc knight (20 damage)
             ... with an exploding inner flame
             ... hexed by the player character
             ... in a bailey.
             The game lasted 00:24:25 (1097 turns).

Hypoxia the Cleaver (Deep Dwarf Fighter)            Turns: 1097, Time: 00:24:26

Health: -10/112    AC: 14    Str: 24    XL:     9   Next: 17%
Magic:  7/7        EV:  5    Int:  8    God:
Gold:   126        SH: 17    Dex: 12    Spells: 8/8 levels left

rFire    . . .     SeeInvis .   j - +2 hand axe (flame)
rCold    . . .     Gourm    .   g - +0 tower shield
rNeg     . . .     Faith    .   k - +1 chain mail
rPois    .         Spirit   .   f - +2 helmet
rElec    .         Reflect  .   (no cloak)
rCorr    .         Harm     .   (no gloves)
MR       +....     Rnd*Tele +   (no boots)
Stlth    ..........             (no amulet)
HPRegen  0.00/turn              e - ring of stealth
MPRegen  0.10/turn              l - ring of teleportation (curse)

@: mighty, berserking, non-regenerating, very quick
A: damage resistance, heal wounds, sense surroundings 2, no regeneration
a: Heal Wounds


You were in a bailey.
You were very hungry.

You visited 1 branch of the dungeon, and saw 7 of its levels.
You also visited: Bailey.

You collected 126 gold pieces.

Inventory:

Hand Weapons
 a - a +0 war axe
 j - a +2 hand axe of flaming (weapon)
Armour
 c - a +0 kite shield
 f - a +2 helmet (worn)
 g - a +0 tower shield (worn)
 k - a +1 chain mail (worn)
Jewellery
 e - a ring of stealth (left hand)
 l - a cursed ring of teleportation (right hand)
Scrolls
 b - a scroll of noise
 h - 2 scrolls of immolation
 T - 2 scrolls of teleportation {@r3}
 W - a scroll of remove curse {@r2}
Potions
 d - 2 potions of might {@q4}
 Q - 4 potions of curing {@q1}
Comestibles
 z - 4 rations


   Skills:
 - Level 3.0 Fighting
 * Level 10.4 Axes
 + Level 4.9 Armour
 - Level 1.2 Dodging
 - Level 8.3 Shields


You had 8 spell levels left.
You didn't know any spells.
Your spell library was empty.

Dungeon Overview and Level Annotations

Branches:
Dungeon (7/15)             Bailey (1/1)
 Temple: D:4-7

Altars:
Uskayaw


Innate Abilities, Weirdness & Mutations

You are resistant to damage.
You can heal yourself by infusing magical energy.
You passively map the area around you.
You do not regenerate.


Message History

The orc knight is engulfed in blazing flames.
Flame seeps out of the orc knight.
The orc knight roars a battlecry!
The orcs go into a battle-frenzy!
You block the orc knight's attack. You block the orc warlord's attack.
There is a fountain of clear blue water here.
You slash the orc warlord!
Flame seeps out of the orc warlord.
You burn the orc warlord.
Flame seeps out of the orc warlord.
The orc warlord is moderately wounded.
You hit the orc knight.
Flame seeps out of the orc knight.
You burn the orc knight.
Flame seeps out of the orc knight.
Your shield and chain mail prevent you from hitting the orc knight.
You miss the orc knight.
The orc knight is engulfed in blazing flames.
Flame seeps out of the orc knight.
The orc knight hits you but does no damage.
The orc knight is engulfed in blazing flames.
The orc knight explodes!
The fiery explosion engulfs you!!
You die...

#....)))....# ,
#...........#
###.........##
###.#'#.....###. *
###...))###.###...
##!........###,.%.%,
#!?........8# %.%..
#!...o.o.§○8#o)....,,
#∩....@o§.§°°g).g..
#!....g○.☼§8#o)%...
#?!....§§..8#*..%..
##!%.......## .... ,
###.....### .%. **
###.#o# #. * ###.., *
, ..., , * , ,


You could see an orc warlord (inner flame, strong), 2 orc knights, 2 orc
warriors, an orc (inner flame, strong), a hobgoblin and a goblin (inner flame).

Vanquished Creatures
  An orc knight
  A hippogriff
  An ice beast
  A sky beast
  A phantom
  7 orc warriors
  A centaur
  2 bullfrogs
  3 killer bees
  An electric eel
  A bullfrog zombie
  A hound
  An orc priest
  3 worker ants
  A hound skeleton
  A worker ant zombie
  7 gnolls
  3 adders
  A worm
  A dart slug
  A leopard gecko
  13 orcs
  A giant cockroach
  14 goblins
  5 hobgoblins
  A quokka
  A bat
  A kobold
  4 rats
80 creatures vanquished.

Notes
Turn   | Place    | Note
-------+----------+-------------------------------------------
     0 | D:1      | Hypoxia the Deep Dwarf Fighter began the quest for the Orb.
     0 | D:1      | Reached XP level 1. HP: 20/20 MP: 1/1
    64 | D:1      | You fall into a shaft and drop 1 floor!
   145 | D:2      | Reached skill level 3 in Axes
   145 | D:2      | Reached XP level 2. HP: 22/27 MP: 2/2
   352 | D:3      | Reached skill level 4 in Axes
   352 | D:3      | Reached XP level 3. HP: 21/33 MP: 2/2
   515 | D:5      | Entered Level 5 of the Dungeon
   515 | D:5      | Found a hide-covered altar of Uskayaw.
   515 | D:5      | Noticed a killer bee
   516 | D:5      | Noticed a killer bee
   518 | D:5      | Noticed a killer bee
   524 | D:5      | Killed a killer bee
   524 | D:5      | Reached skill level 5 in Axes
   524 | D:5      | Reached XP level 4. HP: 15/40 MP: 3/3
   529 | D:5      | Reached XP level 5. HP: 27/46 MP: 4/4
   529 | D:5      | Reached skill level 4 in Armour
   549 | D:5      | Reached skill level 6 in Axes
   561 | D:5      | Reached XP level 6. HP: 37/55 MP: 5/5
   586 | D:5      | Reached skill level 3 in Fighting
   648 | D:6      | Reached skill level 7 in Axes
   697 | D:5      | Reached skill level 1 in Dodging
   697 | D:5      | Reached XP level 7. HP: 53/62 MP: 6/6
   740 | D:5      | You fall into a shaft and drop 1 floor!
   848 | D:7      | Reached skill level 8 in Axes
   848 | D:7      | Reached skill level 4 in Shields
   899 | D:7      | Noticed a hippogriff
   930 | D:7      | Killed a hippogriff
   930 | D:7      | Reached XP level 8. HP: 43/69 MP: 7/7
   950 | D:7      | Reached skill level 9 in Axes
   992 | D:7      | Found a flagged portal.
  1006 | Bailey   | Entered a bailey
  1057 | Bailey   | Reached skill level 10 in Axes
  1060 | Bailey   | Reached skill level 5 in Shields
  1078 | Bailey   | Noticed an orc knight
  1078 | Bailey   | Noticed an orc warlord
  1078 | Bailey   | Noticed an orc knight
  1078 | Bailey   | Noticed an orc knight
  1079 | Bailey   | Noticed an orc knight
  1081 | Bailey   | Reached skill level 6 in Shields
  1085 | Bailey   | Killed an orc knight
  1085 | Bailey   | Reached skill level 8 in Shields
  1085 | Bailey   | Gained mutation: You passively map the area around you.
                  | [Deep Dwarf growth]
  1085 | Bailey   | Reached XP level 9. HP: 26/75 MP: 7/7
  1090 | Bailey   | HP: 12/75 [orc warlord/+0 glaive (29)]
  1096 | Bailey   | HP: 10/112 [orc knight/+0 war axe (16)]
  1097 | Bailey   | Killed an orc knight
  1097 | Bailey   | Killed from afar by an orc knight

Illustrated notes

Levels and vault maps discovered:
D:1:      dpeg_arrival_stone_temple_mockup, layout_basic, minmay_cupped
D:2:      layout_loops_corners, first_ration, nicolae_ru_the_path_less_chosen,
          uniq_robin
D:3:      layout_loops_ring, fedhas_altar_fruit_tree
D:4:      layout_basic, tso_oasis_becter, st_stairs_3, kennysheep_minor_cross,
          minmay_quantized
D:5:      layout_cave_pods, overflow_temple_1_default, serial_park,
          serial_park_tiny_1, serial_park_tiny_2, serial_park_square3
          [serial_park_minivault_5x5_6], serial_park_avenue1, minivault_27
D:6:      layout_cave_pools, minmay_temple_entry_large_hall,
          serial_bayou_ford_a, st_stairs_4, minmay_misc_feat_plants
D:7:      layout_loops_ring, enter_bailey_6, serial_rivers,
          chequers_serial_rivers_small_a, chequers_serial_rivers_micro_d,
          chequers_serial_rivers_small_b, chequers_serial_rivers_large_b,
          led_sif_book
Bailey:   bailey_axe_minmay_hex_keep, bailey

Skill      XL: |  1  2  3  4  5  6  7  8 |
---------------+-------------------------+-----
Axes           | 3 4 5 6 7 8 10 | 10.4
Armour         | 4 |  4.9
Fighting       | 3 |  3.0
Dodging        | 1 |  1.2
Shields        | 4 8 |  8.3

Action                   |  1- 3 |  4- 6 |  7- 9 || total
-------------------------+-------+-------+-------++-------
Melee: War axe           |    62 |       |       ||    62
       Hand axe          |    18 |    34 |   130 ||   182
 Abil: Heal Wounds       |     2 |     3 |    10 ||    15
  Use: Scroll            |     5 |     1 |     2 ||     8
       Potion            |     2 |       |     2 ||     4
Armor: Scale mail        |    29 |       |       ||    29
       Chain mail        |    11 |    23 |    59 ||    93
Dodge: Dodged            |    35 |    13 |    12 ||    60
Block: Kite shield       |    49 |    20 |       ||    69
       Tower shield      |       |       |   104 ||   104
